MLB
TORONTO BLUE JAYS @ WASHINGTON NATIONALS
09/06/2049
 
TOP OF THE 1ST
Toronto Blue Jays batting - Pitching for Washington Nationals : LHP Kerry Baty
Pitching: LHP Kerry Baty
Batting: RHB Donny Burnside 0-0: Ball
1-0: Ball
2-0: Called Strike
2-1: Swinging Strike
2-2: Foul Ball, location: 2F
2-2: Ball
3-2: Foul Ball, location: 2F
3-2: Ground out 5-3 (Groundball, 5, EV 80.0 MPH)
Batting: RHB Danny Burnside 0-0: Ball
1-0: DOUBLE (Line Drive, 7LM, EV 112.5 MPH)
Batting: RHB Efrain Vargas 0-0: Ball
1-0: Ball
2-0: Called Strike
2-1: Ball
3-1: Foul Ball, location: 2F
3-2: Foul Ball, location: 2F
3-2: Ground out U3 (Groundball, 3, EV 85.0 MPH)
Danny Burnside to third
Batting: RHB C.J. Richerson 0-0: Ground out 5-3 (Groundball, 5S, EV 68.8 MPH)
Top of the 1st over - 0 runs, 1 hit, 0 errors, 1 left on base; Toronto 0 - Washington 0
BOTTOM OF THE 1ST
Washington Nationals batting - Pitching for Toronto Blue Jays : RHP Javy Falcon
Pitching: RHP Javy Falcon
Batting: RHB Hisayuki Akiyama 0-0: SINGLE (Line Drive, 78S, EV 103.1 MPH)
Batting: RHB Dave Vargas 0-0: Called Strike
Hisayuki Akiyama is caught stealing 2nd base 2-4
0-1: Ball
1-1: Ground out U3 (Groundball, 34, EV 89.4 MPH)
Batting: LHB Seth Cook 0-0: Fly out, F9 (Flyball, 89D, EV 98.1 MPH)
Bottom of the 1st over - 0 runs, 1 hit, 0 errors, 0 left on base; Toronto 0 - Washington 0
TOP OF THE 2ND
Toronto Blue Jays batting - Pitching for Washington Nationals : LHP Kerry Baty
Batting: RHB Steve Jordan 0-0: Ball
1-0: Called Strike
1-1: Ball
2-1: Called Strike
2-2: Ball
3-2: Ground out 5-3 (Groundball, 56D, EV 80.6 MPH)
Batting: SHB Jason Woods 0-0: Ball
1-0: Ball
2-0: Ball
3-0: Called Strike
3-1: Called Strike
3-2: Base on Balls
Batting: RHB Brock Van Gilder 0-0: Ball
1-0: Ball
2-0: Ball
3-0: Called Strike
3-1: Foul Ball, location: 2F
3-2: Strikes out swinging
Batting: RHB Mike Harkins 0-0: Ball
1-0: Ball
2-0: Called Strike
2-1: Ball
3-1: Ground out 4-3 (Groundball, 34, EV 91.9 MPH)
Top of the 2nd over - 0 runs, 0 hits, 0 errors, 1 left on base; Toronto 0 - Washington 0
BOTTOM OF THE 2ND
Washington Nationals batting - Pitching for Toronto Blue Jays : RHP Javy Falcon
Batting: RHB Kirk Arp 0-0: Called Strike
0-1: Ball
1-1: Ball
2-1: Called Strike
2-2: Strikes out looking
Batting: RHB John Sanders 0-0: Called Strike
0-1: Ball
1-1: Swinging Strike
1-2: Strikes out swinging
Batting: LHB Kyung-jin Cho 0-0: Called Strike
0-1: Swinging Strike
0-2: Ball
1-2: Strikes out looking
Bottom of the 2nd over - 0 runs, 0 hits, 0 errors, 0 left on base; Toronto 0 - Washington 0
TOP OF THE 3RD
Toronto Blue Jays batting - Pitching for Washington Nationals : LHP Kerry Baty
Batting: SHB Dominik Hasek II 0-0: Ball
1-0: Ground out 4-3 (Groundball, 4M, EV 105.6 MPH)
Batting: RHB Donny Burnside 0-0: Called Strike
0-1: Swinging Strike
0-2: Ball
1-2: Ground out 4-3 (Groundball, 4, EV 101.2 MPH)
Batting: RHB Danny Burnside 0-0: Foul Ball, location: 2F
0-1: Ball
1-1: Foul Ball, location: 2F
1-2: Ball
2-2: Foul Ball, location: 2F
2-2: Ball
3-2: Ground out 5-3 (Groundball, 5L, EV 84.4 MPH)
Top of the 3rd over - 0 runs, 0 hits, 0 errors, 0 left on base; Toronto 0 - Washington 0
BOTTOM OF THE 3RD
Washington Nationals batting - Pitching for Toronto Blue Jays : RHP Javy Falcon
Batting: RHB Tommy Baird 0-0: Fly out, F8 (Line Drive, 89M, EV 105.0 MPH)
Batting: LHB Emmanuel Gaskin 0-0: Fly out, F6 (Popup, 6, EV 72.5 MPH)
Batting: LHB Bob Melley 0-0: Foul Ball, location: 2F
0-1: Called Strike
0-2: Ball
1-2: Strikes out swinging
Bottom of the 3rd over - 0 runs, 0 hits, 0 errors, 0 left on base; Toronto 0 - Washington 0
TOP OF THE 4TH
Toronto Blue Jays batting - Pitching for Washington Nationals : LHP Kerry Baty
Batting: RHB Efrain Vargas 0-0: Ball
1-0: Ground out U3 (Groundball, 3L, EV 85.0 MPH)
Batting: RHB C.J. Richerson 0-0: Foul Ball, location: 2F
0-1: Swinging Strike
0-2: Foul Ball, location: 2F
0-2: Foul Ball, location: 2F
0-2: Foul Ball, location: 2F
0-2: Ball
1-2: Fly out, F9 (Flyball, 9D, EV 98.1 MPH)
Batting: RHB Steve Jordan 0-0: Ball
1-0: Swinging Strike
1-1: Ball
2-1: Swinging Strike
2-2: Strikes out looking
Top of the 4th over - 0 runs, 0 hits, 0 errors, 0 left on base; Toronto 0 - Washington 0
BOTTOM OF THE 4TH
Washington Nationals batting - Pitching for Toronto Blue Jays : RHP Javy Falcon
Batting: RHB Hisayuki Akiyama 0-0: Called Strike
0-1: Ball
1-1: Ball
2-1: Fly out, F8 (Flyball, 89M, EV 85.6 MPH)
Batting: RHB Dave Vargas 0-0: Ball
1-0: Ball
2-0: Called Strike
2-1: Foul Ball, location: 2F
2-2: Ball
3-2: Foul Ball, location: 2F
3-2: Strikes out swinging
Batting: LHB Seth Cook 0-0: Ball
1-0: Called Strike
1-1: Fly out, F7 (Flyball, 7, EV 83.1 MPH)
Bottom of the 4th over - 0 runs, 0 hits, 0 errors, 0 left on base; Toronto 0 - Washington 0
TOP OF THE 5TH
Toronto Blue Jays batting - Pitching for Washington Nationals : LHP Kerry Baty
Batting: SHB Jason Woods 0-0: Swinging Strike
0-1: Ball
1-1: Called Strike
1-2: Ball
2-2: Ball
3-2: Foul Ball, location: 2F
3-2: Strikes out swinging
Batting: RHB Brock Van Gilder 0-0: Ball
1-0: Ground out 5-3 (Groundball, 56, EV 107.5 MPH)
Batting: RHB Mike Harkins 0-0: Swinging Strike
0-1: Ball
1-1: Fly out, F9 (Flyball, 9S, EV 81.2 MPH)
Top of the 5th over - 0 runs, 0 hits, 0 errors, 0 left on base; Toronto 0 - Washington 0
BOTTOM OF THE 5TH
Washington Nationals batting - Pitching for Toronto Blue Jays : RHP Javy Falcon
Batting: RHB Kirk Arp 0-0: Called Strike
0-1: Ball
1-1: Ball
2-1: Foul Ball, location: 2F
2-2: Ball
3-2: Base on Balls
Batting: RHB John Sanders 0-0: Swinging Strike
0-1: Called Strike
0-2: Fly out, F9 (Flyball, 9, EV 95.0 MPH)
Batting: LHB Kyung-jin Cho 0-0: Foul Ball, location: 2F
0-1: Ball
1-1: Ball
2-1: Fly out, F8 (Flyball, 89M, EV 96.9 MPH)
Batting: RHB Tommy Baird 0-0: Ball
1-0: Ground out 5-3 (Groundball, 56S, EV 85.6 MPH)
Bottom of the 5th over - 0 runs, 0 hits, 0 errors, 1 left on base; Toronto 0 - Washington 0
TOP OF THE 6TH
Toronto Blue Jays batting - Pitching for Washington Nationals : LHP Kerry Baty
Batting: SHB Dominik Hasek II 0-0: Ball
1-0: Ball
2-0: Called Strike
2-1: SINGLE (Groundball, 56D, EV 95.6 MPH)
Batting: RHB Donny Burnside 0-0: Ball
1-0: Ball
2-0: Ball
3-0: Called Strike
3-1: Base on Balls
Dominik Hasek II to second
Batting: RHB Danny Burnside 0-0: Called Strike
0-1: Grounds into double play, 6-4-3 (Groundball, 6, EV 82.5 MPH)
Dominik Hasek II to third
Batting: RHB Efrain Vargas 0-0: Called Strike
0-1: Ball
1-1: Foul Ball, location: 2F
1-2: Ball
2-2: Fly out, F8 (Flyball, 8RM, EV 78.8 MPH)
Top of the 6th over - 0 runs, 1 hit, 0 errors, 1 left on base; Toronto 0 - Washington 0
BOTTOM OF THE 6TH
Washington Nationals batting - Pitching for Toronto Blue Jays : RHP Javy Falcon
Batting: LHB Emmanuel Gaskin 0-0: Called Strike
0-1: Called Strike
0-2: Foul Ball, location: 2F
0-2: Strikes out swinging
Batting: LHB Bob Melley 0-0: SINGLE (Groundball, 6M, EV 100.6 MPH) (infield hit)
Batting: RHB Hisayuki Akiyama 0-0: Ball
1-0: Swinging Strike
1-1: Swinging Strike
Passed Ball!
Bob Melley to second
1-2: Strikes out swinging
Batting: RHB Dave Vargas 0-0: Ground out 6-3 (Groundball, 6, EV 105.6 MPH)
Bottom of the 6th over - 0 runs, 1 hit, 0 errors, 1 left on base; Toronto 0 - Washington 0
TOP OF THE 7TH
Toronto Blue Jays batting - Pitching for Washington Nationals : LHP Kerry Baty
Batting: RHB C.J. Richerson 0-0: Ball
1-0: Ball
2-0: Ball
3-0: Called Strike
3-1: Fly out, F9 (Line Drive, 9, EV 88.1 MPH)
Batting: RHB Steve Jordan 0-0: Ball
1-0: Foul Ball, location: 2F
1-1: Called Strike
1-2: Foul Ball, location: 2F
1-2: SOLO HOME RUN (Flyball, 9D, EV 96.9 MPH), Distance : 379 ft
Pitching: RHP Caleb Westbay
Batting: SHB Jason Woods 0-0: Called Strike
0-1: Foul Ball, location: 2F
0-2: Foul Ball, location: 2F
0-2: Ball
1-2: Ball
2-2: Ground out 5-3 (Groundball, 5, EV 99.4 MPH)
Batting: RHB Brock Van Gilder 0-0: Called Strike
0-1: SINGLE (Groundball, 6MD, EV 98.1 MPH)
Batting: RHB Mike Harkins 0-0: Swinging Strike
0-1: Ball
1-1: Ball
2-1: 2-RUN HOME RUN (Flyball, 8RXD, EV 91.2 MPH) (Inside the Park)
Batting: SHB Dominik Hasek II 0-0: Swinging Strike
0-1: Swinging Strike
0-2: Ball
1-2: Ball
2-2: Ball
3-2: Strikes out swinging
Top of the 7th over - 3 runs, 3 hits, 0 errors, 0 left on base; Toronto 3 - Washington 0
BOTTOM OF THE 7TH
Washington Nationals batting - Pitching for Toronto Blue Jays : RHP Javy Falcon
Batting: LHB Seth Cook 0-0: Called Strike
0-1: Called Strike
0-2: Fly out, F9 (Flyball, 9LD, EV 94.4 MPH)
Batting: RHB Kirk Arp 0-0: Fly out, F3 (Flyball, 3D, EV 87.5 MPH)
Batting: RHB John Sanders 0-0: Foul Ball, location: 2F
0-1: Ball
1-1: Foul Ball, location: 2F
1-2: Strikes out looking
Bottom of the 7th over - 0 runs, 0 hits, 0 errors, 0 left on base; Toronto 3 - Washington 0
TOP OF THE 8TH
Toronto Blue Jays batting - Pitching for Washington Nationals : RHP Caleb Westbay
Pitching: RHP Seth Bowersox
Batting: RHB Donny Burnside 0-0: Foul Ball, location: 2F
0-1: Ball
1-1: Ball
2-1: Ball
3-1: Base on Balls
Batting: RHB Danny Burnside 0-0: Sac Bunt to 25 - play at first, batter OUT! 5-3
Donny Burnside to second
Batting: RHB Efrain Vargas 0-0: Ball
Donny Burnside steals 3rd base
1-0: Ball
2-0: Ball
3-0: Called Strike
3-1: DOUBLE (Groundball, 5L, EV 107.5 MPH)
Donny Burnside scores
Batting: RHB C.J. Richerson 0-0: Hit by Pitch
Batting: RHB Steve Jordan 0-0: Ball
1-0: Called Strike
1-1: Ball
2-1: Foul Ball, location: 2F
2-2: Strikes out swinging
Batting: SHB Jason Woods 0-0: Ball
1-0: Ball
2-0: Called Strike
2-1: Ball
3-1: Base on Balls
Efrain Vargas to third
C.J. Richerson to second
Batting: RHB Brock Van Gilder 0-0: SINGLE (Groundball, 4D, EV 94.4 MPH)
Efrain Vargas scores
C.J. Richerson to third
Jason Woods to second
Runner from 3rd tries for Home, SAFE, throw by CF to home
Pitching: RHP Gareth Cutts
Batting: RHB Mike Harkins 0-0: Ball
1-0: Fly out, F7 (Flyball, 78S, EV 87.5 MPH)
Top of the 8th over - 3 runs, 2 hits, 0 errors, 2 left on base; Toronto 6 - Washington 0
BOTTOM OF THE 8TH
Washington Nationals batting - Pitching for Toronto Blue Jays : RHP Javy Falcon
Batting: LHB Kyung-jin Cho 0-0: Ball
1-0: Ball
2-0: Foul Ball, location: 2F
2-1: Swinging Strike
2-2: Foul Ball, location: 2F
2-2: DOUBLE (Flyball, 8LXD, EV 103.1 MPH)
Batting: RHB Tommy Baird 0-0: Called Strike
0-1: Ball
1-1: Ground out 6-3 (Groundball, 6, EV 86.9 MPH)
Kyung-jin Cho to third
Batting: LHB Emmanuel Gaskin 0-0: Ball
1-0: Ball
2-0: Foul Ball, location: 2F
2-1: Swinging Strike
2-2: Strikes out swinging
Batting: LHB Bob Melley 0-0: Foul Ball, location: 2F
0-1: Ball
1-1: Ball
2-1: Foul Ball, location: 2F
2-2: Foul Ball, location: 2F
2-2: Ball
3-2: Foul Ball, location: 2F
3-2: Foul Ball, location: 2F
3-2: Foul Ball, location: 2F
3-2: Ground out 4-3 (Groundball, 4MS, EV 78.1 MPH)
Bottom of the 8th over - 0 runs, 1 hit, 0 errors, 1 left on base; Toronto 6 - Washington 0
TOP OF THE 9TH
Toronto Blue Jays batting - Pitching for Washington Nationals : RHP Gareth Cutts
Batting: SHB Dominik Hasek II 0-0: Foul Ball, location: 2F
0-1: Foul Ball, location: 2F
0-2: Ground out 4-3 (Groundball, 4, EV 105.6 MPH)
Batting: RHB Donny Burnside 0-0: Ground out 5-3 (Groundball, 56, EV 99.4 MPH)
Batting: RHB Danny Burnside 0-0: Called Strike
0-1: Ball
1-1: Swinging Strike
1-2: Strikes out swinging
Top of the 9th over - 0 runs, 0 hits, 0 errors, 0 left on base; Toronto 6 - Washington 0
BOTTOM OF THE 9TH
Washington Nationals batting - Pitching for Toronto Blue Jays : RHP Javy Falcon
Batting: RHB Hisayuki Akiyama 0-0: Foul Ball, location: 2F
0-1: Ground out 6-3 (Groundball, 56, EV 88.8 MPH)
Batting: RHB Dave Vargas 0-0: Ball
1-0: SOLO HOME RUN (Flyball, 78XD, EV 111.2 MPH), Distance : 423 ft
Batting: LHB Seth Cook 0-0: Called Strike
0-1: Ball
1-1: Swinging Strike
1-2: Strikes out swinging
Batting: RHB Kirk Arp 0-0: Foul Ball, location: 2F
0-1: Ball
1-1: Foul Ball, location: 2F
1-2: Ball
2-2: Ground out 5-3 (Groundball, 15, EV 91.9 MPH)
Bottom of the 9th over - 1 run, 1 hit, 0 errors, 0 left on base; Toronto 6 - Washington 1
Sunday, July 16th , 2023 - OOTP Baseball 24.6 Build 69